 Dungeon Crawl Stone Soup version 0.20.1-1-g8b1a95d (webtiles) character file.

5462 Jukra the Carver (level 10, -2/79 HPs)
             Began as a Demonspawn Abyssal Knight on Aug 14, 2017.
             Was a High Priest of Lugonu.
             Slain by an orc warlord
             ... wielding a +3 great mace of protection
              (9 damage)
             ... on level 1 of the Orcish Mines on Aug 25, 2017.
             The game lasted 00:57:14 (7916 turns).

Jukra the Carver (Demonspawn Abyssal Knight)        Turns: 7916, Time: 00:57:16

Health: -2/79      AC: 14    Str: 17    XL:     10   Next: 41%
Magic:  0/12       EV:  8    Int: 11    God:    Lugonu [*****.]
Gold:   480        SH:  0    Dex: 15    Spells: 9/9 levels left

rFire    + . .     SeeInvis +   U - +3 scimitar (freeze)
rCold    . . .     Gourm    .   (no shield)
rNeg     + . .     Faith    .   n - +2 chain mail
rPois    +         Spirit   +   (no helmet)
rElec    +         Reflect  .   o - +0 cloak
rCorr    .         Harm     .   (gloves unavailable)
MR       .....                  E - +0 pair of boots
Stlth    ..........             r - amulet "Ciucze" {Spirit rF+ Slay+4}
Regen    0.3/turn               N - ring of Muwnunuo {+Inv rPois Str+3 Int-2 SInv}
MPRegen  0.3/turn               j - ring of positive energy

@: no status effects
A: claws 3, thin skeletal structure 1, blink, demonic guardian 1, mutation
resistance 1, screaming 1, electricity resistance, weak 1, magic shield, magic
regeneration
a: Blink, Depart the Abyss, Bend Space, Banish, Corrupt, Enter the Abyss,
Renounce Religion, Evoke Invisibility


You were on level 1 of the Orcish Mines.
You worshipped Lugonu.
Lugonu was extremely pleased with you.
You were not hungry.

You visited 3 branches of the dungeon, and saw 11 of its levels.
You visited the Abyss 1 time.

You collected 480 gold pieces.

Inventory:

Hand Weapons
 a - a +1 spear
 b - a +0 dire flail
 h - a +0 dagger of draining
 p - a +1 dagger of electrocution
 q - a +0 spear
 s - a +0 hand crossbow
 v - a cursed -1 short sword
 C - a +1 dagger of speed
 D - a +0 flail
 F - a +2 great sword of draining
 P - a cursed +0 halberd
 R - a +0 arbalest
 S - a +0 morningstar
 T - a +0 morningstar
 U - a +3 scimitar of freezing (weapon)
 W - a cursed -3 mace
 X - a +2 dagger of flaming
Armour
 l - a +0 chain mail
 n - a +2 chain mail (worn)
 o - a +0 cloak (worn)
 E - a +0 pair of boots (worn)
Magical Staves
 m - an uncursed staff of fire {unknown}
 Z - an uncursed staff of air {unknown}
Jewellery
 g - an uncursed ring of flight
 j - a ring of positive energy (right claw)
 k - an uncursed ring of protection from cold
 r - the amulet "Ciucze" (around neck) {Spirit rF+ Slay+4}
   (You found it on level 5 of the Dungeon)

   [amulet of guardian spirit]

   It causes incoming damage to be split between your health and magic.
   It affects your accuracy and damage with ranged weapons and melee attacks
   (+4).
   It protects you from fire.
 x - an uncursed ring of wizardry
 N - the ring of Muwnunuo (left claw) {+Inv rPois Str+3 Int-2 SInv}
   (You acquired it on level 7 of the Dungeon)

   [ring of strength]

   It affects your strength (+3).
   It affects your intelligence (-2).
   It protects you from poison.
   It lets you see invisible.
   It lets you turn invisible.
 V - an uncursed ring of poison resistance
 Y - an uncursed ring of positive energy
Wands
 i - a wand of confusion (28/48)
 z - a wand of random effects (35/48)
 A - a wand of flame (48/48)
 G - a wand of polymorph (14/24)
 K - a wand of flame (19/48)
Scrolls
 e - 4 scrolls of identify
 u - a scroll of fog
 y - 4 scrolls of remove curse
 H - a scroll of blinking
 L - 2 scrolls of teleportation
 O - a scroll of recharging
Potions
 f - a potion of berserk rage
 t - 6 potions of curing
 w - a potion of cancellation
 B - a potion of heal wounds
 Q - a potion of might
Books
 J - the Reference Book on Spatial Black Magic
   (You found it on level 6 of the Dungeon)

   Spells                             Type                      Level
   a - Pain                           Necromancy                   1
   b - Gell's Gravitas                Translocation                3
   c - Excruciating Wounds            Charms/Necromancy            5
   d - Dispersal                      Translocation                6
Comestibles
 c - 5 bread rations
 d - 3 meat rations
 I - 3 royal jellies
 M - 3 fruits


   Skills:
 + Level 7.0 Fighting
 + Level 3.8(7.3) Short Blades
 * Level 9.8(10.1) Long Blades
 - Level 3.3 Polearms
 + Level 6.4 Armour
 + Level 2.3 Dodging
 - Level 1.9 Stealth
 + Level 2.7 Invocations


You had 9 spell levels left.
You didn't know any spells.

Dungeon Overview and Level Annotations

Branches:
Dungeon (9/15)             Temple (1/1) D:6             Orc (1/2) D:9
   Lair: D:8-11

Altars:
Ashenzari
Cheibriados
Dithmenos
Elyvilon
Fedhas
Gozag
Kikubaaqudgha
Makhleb
Nemelex Xobeh
Okawaru
Qazlal
Sif Muna
Trog
Uskayaw
Vehumet
Xom
Yredelemnul
Zin
The Shining One


Innate Abilities, Weirdness & Mutations

You have claws for hands.
You have a somewhat thin skeletal structure. (Dex +2, Stealth)
A weak demonic guardian rushes to your aid.
When hurt, damage is shared between your health and your magic reserves.
You regenerate magic rapidly.
You can translocate small distances at will.
You are somewhat resistant to further mutation.
You occasionally shout uncontrollably at your foes.
You are resistant to electric shocks. (rElec)
You are weak. (Str -2)


Message History

The orc warrior no longer looks unusually strong.
Your iron imp hits the orc warlord but does no damage.
You closely miss the orc warrior.
The orc warrior is severely wounded.
The orc warlord hits you with a great mace of protection!!
Your shadow imp hits the orc warlord but does no damage.
You slash the orc warrior! You freeze the orc warrior.
The orc warrior is heavily wounded.
The orc warrior hits you with a flail!!
* * * LOW HITPOINT WARNING * * *
The orc warlord roars a battlecry!
The orc warrior goes into a battle-frenzy!
You feel much better.
The orc warrior no longer looks unusually strong.
The orc warrior completely misses you.
Your shadow imp hits the orc warlord but does no damage.
The orc warrior hits you with a flail!!
* * * LOW HITPOINT WARNING * * *
The orc warlord hits you with a great mace of protection!
You die...

#....#.....#.....#
#....##..#......#
#..$..#....<>..## #
####...##.........#
##.#.#....##........##
#...................#
##....................#
#......55.$...#......##
##.#.#.o@o.#.####.....
###o##### ####### #o#
.o. #...# #...# #...#
+...+


You could see an orc warlord, 4 orc warriors, a friendly iron imp and a friendly
shadow imp.

Vanquished Creatures
  The ghost of bufferunderpants the Ruffian, a novice TrMo of Qazlal (D:7)
  A centaur skeleton (D:8)
  Grinder (D:3)
  A spriggan (D:7)
  3 sky beasts
  3 orc warriors
  3 ice beasts
  A necrophage (D:8)
  A centaur (D:3)
  5 ogres
  A big kobold (D:9)
  4 bullfrogs
  3 scorpions
  11 killer bees (D:8)
  5 wights (D:7)
  3 crimson imps
  A bullfrog zombie (D:8)
  3 orc priests
  A jelly (D:5)
  2 hounds
  4 orc wizards
  A bullfrog skeleton (D:5)
  4 iguanas
  Natasha (twice) (D:2)
  6 worker ants
  A howler monkey zombie (D:8)
  4 gnolls (D:7)
  10 adders
  A shadow imp (D:7)
  2 oozes (D:3)
  4 adder skeletons
  An adder zombie (D:6)
  4 worms
  2 dart slugs
  8 leopard geckos
  32 orcs
  2 ball pythons
  2 giant cockroaches
  2 gnoll zombies (D:6)
  7 goblins
  12 hobgoblins
  7 jackals
  12 kobolds
  2 quokkas
  6 bats
  9 frilled lizards
  A quokka skeleton (D:5)
  8 rats
  4 bushes (D:6)
  3 plants (D:6)
  2 withered plants (D:7)
219 creatures vanquished.

Vanquished Creatures (collateral kills)
  The ghost of letownia the Insei, a novice OpTm of Gozag (D:5)
  A hippogriff (D:8)
  Menkaure (D:4)
  2 ogres
  A bullfrog (D:6)
  An orc priest (D:6)
  An orc wizard (D:3)
  Ijyb (D:3)
  An adder (D:3)
  An ooze (D:2)
  An adder zombie (D:8)
  2 leopard geckos
  3 orcs
  A hobgoblin (D:3)
  2 kobolds
20 creatures vanquished.

Vanquished Creatures (others)
  An orc wizard (D:5)
1 creature vanquished.

Grand Total: 240 creatures vanquished

Notes
Turn   | Place    | Note
-------+----------+-------------------------------------------
     0 | Abyss:1  | Jukra the Demonspawn Abyssal Knight began the quest for the Orb.
     0 | Abyss:1  | Reached XP level 1. HP: 18/18 MP: 2/2
     4 | Abyss:1  | Found a corrupted altar of Lugonu.
    65 | Abyss:1  | Found a corrupted altar of Lugonu.
    87 | Abyss:1  | Noticed a large abomination
   130 | Abyss:1  | Noticed a blink frog
   140 | Abyss:1  | Noticed a deep elf sorcerer
   142 | D:1      | Escaped the Abyss
   410 | D:1      | Gained mutation: You have sharp fingernails. [demonic ancestry]
   410 | D:1      | Reached XP level 2. HP: 24/24 MP: 3/3
   805 | D:1      | Reached * piety under Lugonu
   812 | D:1      | Reached skill level 1 in Dodging
   973 | D:2      | Gained mutation: A weak demonic guardian rushes to your aid. [demonic ancestry]
   973 | D:2      | Reached XP level 3. HP: 27/29 MP: 5/5
  1464 | D:2      | Noticed Natasha
  1477 | D:2      | Killed Natasha
  1477 | D:2      | Gained mutation: When hurt, damage is shared between your health and your magic reserves. [demonic ancestry]
  1477 | D:2      | Reached XP level 4. HP: 27/37 MP: 6/6
  1482 | D:2      | Noticed Natasha
  1488 | D:2      | Killed Natasha
  1797 | D:2      | Found a deep blue altar of Sif Muna.
  1951 | D:3      | Noticed Ijyb
  1971 | D:3      | Killed Ijyb
  1971 | D:3      | Reached skill level 1 in Short Blades
  1971 | D:3      | Reached XP level 5. HP: 30/42 MP: 5/7
  2004 | D:3      | Reached ** piety under Lugonu
  2170 | D:3      | Noticed Grinder
  2173 | D:3      | Paralysed by Grinder for 3 turns
  2184 | D:3      | Killed Grinder
  2184 | D:3      | Reached skill level 1 in Stealth
  2184 | D:3      | Gained mutation: You have very sharp fingernails. [demonic ancestry]
  2184 | D:3      | Reached XP level 6. HP: 38/48 MP: 5/8
  2229 | D:3      | Found a white marble altar of Elyvilon.
  2861 | D:4      | Gained mutation: You have a somewhat thin skeletal structure. (Dex +2, Stealth) [demonic ancestry]
  2861 | D:4      | Reached XP level 7. HP: 35/55 MP: 6/9
  2878 | D:4      | Found a blossoming altar of Fedhas.
  2927 | D:4      | Noticed Menkaure
  2936 | D:4      | Killed Menkaure
  3640 | D:5      | Entered Level 5 of the Dungeon
  3703 | D:5      | Noticed letownia's ghost (novice OpTm)
  3715 | D:5      | Killed letownia's ghost
  3715 | D:5      | Reached skill level 5 in Fighting
  3715 | D:5      | Reached skill level 1 in Long Blades
  3715 | D:5      | Reached skill level 5 in Armour
  3715 | D:5      | Reached XP level 8. HP: 45/62 MP: 7/10
  4036 | D:5      | Reached skill level 2 in Long Blades
  4192 | D:5      | Reached skill level 3 in Long Blades
  4196 | D:5      | Gained mutation: Armour fits poorly on your strangely shaped body. [mutagenic meat]
  4197 | D:5      | Gained mutation: You have a pair of small horns on your head. [mutagenic meat]
  4198 | D:5      | Gained mutation: Your system is resistant to poisons. (rPois) [mutagenic meat]
  4205 | D:5      | Got a coiled ruby amulet
  4208 | D:5      | Identified the amulet "Ciucze" {Spirit rF+ Slay+4} (You found it on level 5 of the Dungeon)
  4531 | D:5      | Reached skill level 4 in Long Blades
  4579 | D:5      | Reached *** piety under Lugonu
  4697 | D:6      | Found a shattered altar of Ashenzari.
  4712 | D:6      | Reached skill level 5 in Long Blades
  4745 | D:6      | Found a staircase to the Ecumenical Temple.
  4869 | Temple   | Entered the Ecumenical Temple
  4990 | D:6      | Found a snail-covered altar of Cheibriados.
  5141 | D:6      | Identified the Reference Book on Spatial Black Magic
  5162 | D:6      | Lost mutation: Your system is resistant to poisons. (rPois) [potion of mutation]
  5162 | D:6      | Lost mutation: Armour fits poorly on your strangely shaped body. [potion of mutation]
  5162 | D:6      | Lost mutation: You have a pair of small horns on your head. [potion of mutation]
  5162 | D:6      | Gained mutation: Your body sometimes deteriorates upon taking damage. [potion of mutation]
  5162 | D:6      | Gained mutation: You have large cloven feet. [potion of mutation]
  5162 | D:6      | Gained mutation: You are resistant to electric shocks. (rElec) [potion of mutation]
  5163 | D:6      | Lost mutation: Your body sometimes deteriorates upon taking damage. [potion of mutation]
  5163 | D:6      | Lost mutation: You have large cloven feet. [potion of mutation]
  5163 | D:6      | Lost mutation: You are resistant to electric shocks. (rElec) [potion of mutation]
  5163 | D:6      | Gained mutation: You occasionally shout uncontrollably at your foes. [potion of mutation]
  5163 | D:6      | Gained mutation: You are frail. (-10% HP) [potion of mutation]
  5163 | D:6      | Gained mutation: You are resistant to electric shocks. (rElec) [potion of mutation]
  5330 | D:6      | Gained mutation: You regenerate magic rapidly. [demonic ancestry]
  5330 | D:6      | Reached XP level 9. HP: 62/62 MP: 11/11
  5428 | D:6      | Found a basalt altar of Yredelemnul.
  5585 | D:7      | Gained mutation: You are weak. (Str -2) [mutagenic meat]
  5586 | D:7      | Gained mutation: You can translocate small distances at will. [mutagenic meat]
  5587 | D:7      | Gained mutation: You are somewhat resistant to further mutation. [mutagenic meat]
  5588 | D:7      | Lost mutation: You are frail. (-10% HP) [mutagenic meat]
  5618 | D:7      | Reached skill level 6 in Long Blades
  5981 | D:7      | Identified a scroll of acquirement
  5982 | D:7      | Got a crude granite ring
  5983 | D:7      | Identified the ring of Muwnunuo {+Inv rPois Str+3 Int-2 SInv} (You acquired it on level 7 of the Dungeon)
  6039 | D:7      | Reached skill level 7 in Long Blades
  6131 | D:7      | Found an ancient bone altar of Kikubaaqudgha.
  6141 | D:7      | Reached **** piety under Lugonu
  6491 | D:7      | Noticed bufferunderpants's ghost (novice TrMo)
  6504 | D:7      | Killed bufferunderpants's ghost
  6504 | D:7      | Reached skill level 8 in Long Blades
  6817 | D:8      | Gained mutation: You have claws for hands. [demonic ancestry]
  6817 | D:8      | Reached XP level 10. HP: 60/77 MP: 10/12
  6858 | D:8      | Reached skill level 9 in Long Blades
  7330 | D:8      | Reached ***** piety under Lugonu
  7764 | D:9      | Found a staircase to the Orcish Mines.
  7774 | Orc:1    | Entered Level 1 of the Orcish Mines
  7901 | Orc:1    | Noticed an orc warlord
  7916 | Orc:1    | Slain by an orc warlord

Skill      XL: |  1  2  3  4  5  6  7  8  9 10 |
---------------+-------------------------------+-----
Polearms       | 2 3 |  3.3
Armour         | 2 3 4 5 6 |  6.4
Dodging        | 1 2 |  2.3
Short Blades   | 1 2 3 |  3.8
Fighting       | 4 5 6 7 |  7.0
Stealth        | 1 |  1.9
Long Blades    | 1 5 8 9 |  9.8
Invocations    | |  2.7

Action                   |  1- 3 |  4- 6 |  7- 9 | 10-12 || total
-------------------------+-------+-------+-------+-------++-------
Melee: Spear             |   103 |       |       |       ||   103
       Dagger            |    28 |   162 |    49 |       ||   239
       Great sword       |       |       |   286 |       ||   286
       Headbutt          |       |       |    41 |       ||    41
       Scimitar          |       |       |    69 |   107 ||   176
Invok: Depart the Abyss  |     1 |       |       |       ||     1
  Use: Scroll            |     2 |       |    16 |     1 ||    19
       Potion            |       |       |     8 |     1 ||     9
 Stab: Sleeping          |     1 |       |       |       ||     1
       Distracted        |       |     2 |       |     1 ||     3
  Eat: Chunk             |     1 |     2 |    12 |       ||    15
       Meat ration       |       |     1 |       |       ||     1
       Bread ration      |       |       |     3 |       ||     3
Armor: Leather armour    |    17 |       |       |       ||    17
       Chain mail        |    34 |   110 |   189 |    78 ||   411
Dodge: Dodged            |    46 |    45 |   104 |    53 ||   248
       Rpst.: Great sword |       |       |    31 |       ||    31
       Scimitar          |       |       |     3 |    13 ||    16
